 Dungeon Crawl Stone Soup version 0.31.0-32-g396128a36d (webtiles) character file.

Game seed: 9615130227293085149

147431 MewIchigo the Bludgeoner (level 16, -16/157 HPs)
             Began as a Minotaur Monk on Feb 13, 2024.
             Was a High Priest of the Shining One.
             Demolished by a nagaraja
             ... wielding a +0 spear
              (27 damage)
             ... on level 4 of the Snake Pit on Mar 26, 2024.
             The game lasted 01:42:12 (29328 turns).

MewIchigo the Bludgeoner (Minotaur Monk)           Turns: 29328, Time: 01:42:14

Health: -16/157    AC: 31    Str: 29    XL:     16   Next: 91%
Magic:  14/21      EV: 11    Int: 12    God:    the Shining One [*****.]
Gold:   389        SH: 19    Dex: 14    Spells: 15/15 levels left

rFire   + . .        n - +4 sacred scourge (holy)
rCold   + . .        a - +0 kite shield
rNeg    + + .        D - +2 plate armour {rF+}
rPois   .            q - +2 hat
rElec   .            O - +1 cloak
rCorr   .            i - +3 pair of gauntlets of War {Slay+5}
SInv    .            w - +2 pair of boots
Will    +....        y - amulet of reflection Stlth
                     G - ring "Sageb" {rPois rC+ Int+5 Slay+2}
HPRegen 0.46/turn    Q - +6 ring of strength
MPRegen 0.17/turn

%: reflection
@: lethally poisoned (-16 -> -20), poison vulnerable, slowed, glowing, studying
Staves, very slow
A: horns 2, retaliatory headbutt
a: Renounce Religion, Divine Shield, Cleansing Flame, Summon Divine Warrior


You were on level 4 of the Snake Pit.
You worshipped the Shining One.
The Shining One was extremely pleased with you.
You visited 5 branches of the dungeon, and saw 25 of its levels.
You also visited: Bailey, Gauntlet and Volcano.

You collected 2364 gold pieces.
You spent 1975 gold pieces at shops.

Inventory:

Hand Weapons
 n - a +4 sacred scourge of holy wrath (weapon)
 p - a +3 flail of protection
Missiles
 h - 6 silver javelins (quivered)
 Z - 2 atropa-tipped darts
Armour
 a - a +0 kite shield (worn)
 i - the +3 pair of gauntlets of War (worn) {Slay+5}
   (You bought it in a shop on level 11 of the Dungeon)

   Slay+5:    It affects your accuracy & damage with ranged weapons and melee
   (+5).
 q - a +2 hat (worn)
 w - a +2 pair of boots (worn)
 D - a +2 plate armour of fire resistance (worn)
 O - a +1 cloak (worn)
Jewellery
 d - the ring "Xergholyq" {Ice Str+3 Dex+3}
   (You found it in a Gauntlet)

   [ring of ice]

   Ice:       It enhances your ice magic.
   Str+3:     It affects your strength (+3).
   Dex+3:     It affects your dexterity (+3).
   rF-:       It makes you vulnerable to fire.
   rC+:       It protects you from cold.
 y - an amulet of reflection (around neck)
 B - a ring of protection from cold
 G - the ring "Sageb" (left hand) {rPois rC+ Int+5 Slay+2}
   (You found it on level 5 of the Lair of Beasts)

   [ring of protection from cold]

   Int+5:     It affects your intelligence (+5).
   Slay+2:    It affects your accuracy & damage with ranged weapons and melee
   (+2).
   rC+:       It protects you from cold.
   rPois:     It protects you from poison
 Q - a +6 ring of strength (right hand)
 T - a ring of resist corrosion
 V - the amulet of Jamul {Reflect rF+ rCorr Str-5 Int+3 SH+5}
   (You found it on level 3 of the Snake Pit)

   [amulet of reflection]

   Reflect:   It reflects blocked missile attacks.
   Str-5:     It affects your strength (-5).
   Int+3:     It affects your intelligence (+3).
   rF+:       It protects you from fire.
   rCorr:     It protects you from acid and corrosion.
   SH+5:      It affects your SH (+5).
Wands
 e - a wand of roots (2)
 H - a wand of paralysis (24)
 M - a wand of flame (43)
 P - a wand of polymorph (3)
 S - a wand of mindburst (4)
 X - a wand of digging (4)
 Y - a wand of acid (4)
Scrolls
 f - 3 scrolls of fog
 j - 4 scrolls of poison
 s - 6 scrolls of enchant armour {unknown}
 v - 3 scrolls of vulnerability {unknown}
 A - 4 scrolls of fear
 L - 2 scrolls of revelation
 N - a scroll of brand weapon {unknown}
 R - 2 scrolls of butterflies {unknown}
 U - 4 scrolls of immolation
 W - a scroll of noise {unknown}
Potions
 b - a potion of brilliance
 g - 3 potions of berserk rage
 k - 4 potions of mutation
 l - 2 potions of resistance {unknown}
 r - 2 potions of magic
 u - 3 potions of enlightenment {unknown}
 z - 3 potions of degeneration {unknown}
 C - a potion of lignification {unknown}
 F - 2 potions of cancellation {unknown}
 I - 6 potions of haste {unknown}
 J - a potion of invisibility {unknown}
 K - 4 potions of might {unknown}
Miscellaneous
 o - a tin of tremorstones (1/2)


   Skills:
 * Level 17.9 Fighting
 + Level 18.6 Maces & Flails
 + Level 1.4 Throwing
 + Level 14.3 Armour
 + Level 8.7 Dodging
 + Level 2.7 Stealth
 + Level 17.2 Shields
 + Level 8.0 Invocations
 * Level 5.7 Evocations


You had 15 spell levels left.
You didn't know any spells.
Your spell library contained the following spells:

 Spells                   Type           Power      Damage    Failure   Level
 Freeze                   Ice            0%         1d3       95%         1
 Kiss of Death            Conj/Necr      0%         2d5       95%         1
 Slow                     Hex            0%         N/A       95%         1
 Static Discharge         Conj/Air       0%         3-3/arc   98%         2
 Confusing Touch          Hex            0%         N/A       100%        3
 Frozen Ramparts          Ice            0%         1d1       100%        3
 Gell's Gravitas          Tloc           0%         N/A       100%        3
 Hailstorm                Conj/Ice       0%         3d5       100%        3
 Inner Flame              Hex/Fire       0%         N/A       100%        3
 Mephitic Cloud           Conj/Alch/Air  0%         N/A       100%        3
 Sigil of Binding         Hex            0%         N/A       100%        3
 Teleport Other           Tloc           0%         N/A       100%        3
 Tukima's Dance           Hex            0%         N/A       100%        3
 Vampiric Draining        Necr           0%         2d6       100%        3
 Volatile Blastmotes      Fire/Tloc      0%         2d10      100%        3
 Airstrike                Air            0%         2d(0-16)  100%        4
 Dimensional Bullseye     Hex/Tloc       0%         N/A       100%        4
 Dispel Undead            Necr           0%         3d6       100%        4
 Flame Wave               Conj/Fire      0%         2d4       100%        4
 Fulminant Prism          Conj/Alch      0%         3d5       100%        4
 Iskenderun's Mystic Bla  Conj/Tloc      0%         2d3       100%        4
 Passage of Golubria      Tloc           0%         N/A       100%        4
 Sticky Flame             Fire/Alch      0%         2d4       100%        4
 Summon Blazeheart Golem  Fire/Summ      0%         N/A       100%        4
 Summon Lightning Spire   Summ/Air       0%         N/A       100%        4
 Vhi's Electric Charge    Tloc/Air       0%         N/A       100%        4
 Alistair's Intoxication  Alch           0%         N/A       100%        5
 Arcjolt                  Conj/Air       0%         1d10      100%        5
 Borgnjor's Vile Clutch   Necr/Erth      0%         N/A       100%        5
 Irradiate                Conj/Alch      0%         3d11      100%        5
 Iskenderun's Battlesphe  Conj           0%         2d6       100%        5
 Yara's Violent Unravell  Hex/Alch       0%         3d3       100%        5
 Bombard                  Conj/Erth      0%         9d1       100%        6
 Dispersal                Tloc           0%         N/A       100%        6
 Eringya's Noxious Bog    Alch           0%         4d6       100%        6
 Plasma Beam              Fire/Air       0%         2x1d10    100%        6
 Sculpt Simulacrum        Ice/Alch       0%         N/A       100%        6
 Orb of Destruction       Conj           0%         9d5       100%        7
 Spellforged Servitor     Conj/Summ      0%         N/A       100%        7


Dungeon Overview and Level Annotations

Branches:
Dungeon (13/15)            Temple (1/1) D:6            Lair (5/5) D:9
 Shoals (0/4) Lair:3        Snake (4/4) Lair:3        Slime (0/5) Lair:5
    Orc (2/2) D:12            Elf (0/3) Orc:2        Vaults (0/5) D:13
 Bailey (visited)         Volcano (visited)         Gauntlet (visited)

Altars:
Ashenzari
Cheibriados
Dithmenos
Elyvilon
Fedhas
Gozag
Hepliaklqana
Kikubaaqudgha
Makhleb
Nemelex Xobeh
Okawaru
Qazlal
Ru
Sif Muna
Trog
Uskayaw
Vehumet
Wu Jian
Xom
Yredelemnul
Zin
The Shining One
Jiyva

Shops:
D:11 *   D:13 *   Orc:2 ?[?*   Snake:2 *

Annotations:
Snake:4 1 runed translucent door, mihai's ghost, adept DECj


Innate Abilities, Weirdness & Mutations

You have a pair of horns on your head.
You reflexively headbutt those who attack you in melee.


Message History

The black mamba resists with some effort.
You feel extremely sick.
* * * LOW HITPOINT WARNING * * *
You are more poisoned.
* * * LOW HITPOINT WARNING * * *
You are lethally poisoned!
The nagaraja casts a spell.
The nagaraja seems to speed up.
You feel much better.
You feel extremely sick.
The naga ritualist looks more healthy.
* * * LOW HITPOINT WARNING * * *
You are more poisoned.
The naga mage yells, "Help!"
You block the nagaraja's attack. x2
The naga mage mumbles some strange words.
The naga mage seems to speed up.
Blink to where?
Press: ? - help, Dir - move target, p - naga mage
As you read the scroll of blinking, it crumbles to dust.
* * * LOW HITPOINT WARNING * * *
You feel extremely sick.
The nagaraja no longer looks unusually toxic.
The naga sharpshooter gibbers meaninglessly.
Okay, then.
As you read the scroll of fog, it dissolves into smoke.
You feel extremely sick.
You feel very sick.
You feel very sick.
The naga sharpshooter seems to regain its courage.
The naga sharpshooter casts a spell.
The naga sharpshooter magically shoots an arrow.
The arrow hits you but does no damage.
You are momentarily dazzled by a brilliant light.
You feel very sick.
The naga sharpshooter spits poison at you.
The splash of poison hits your angel.
Your angel is poisoned.
The nagaraja hits you from afar with a +0 spear!!
You die...

....#N## #.###
###...## #.# ##..S#
#.# ###N## #.# #NN#
#.# ##N# ### ##.#
#.####§§## #..#
#.N.#8§§8####
#.####
##....§§N§@.#
###.#...
#.....§§§#A#
##.......
####8§§8##.#
#..##.... ##.§## .#
#.##....# ####.#'##
##)##....#
#...N#####........#
#....'.....##......
#....#####.##...#..
#....'...#.#.......


You could see a nagaraja (fast, strong), a naga sharpshooter (catching breath,
ally target) and a friendly angel (summoned, poisoned).

Vanquished Creatures
  Rupert (D:13)
  Jorgrun (D:13)
  Asterion (Snake:3)
  Aizul (Snake:3)
  3 nagarajas
  A minotaur (Gauntlet)
  2 ettins
  Josephine (Orc:1)
  An entropy weaver (Gauntlet)
  A yaktaur captain (D:13)
  2 ogre magi (Orc:2)
  The ghost of Hawk2023 the Grappler, a novice TrSh of Makhleb (D:10)
  3 salamander tyrants
  A catoblepas (Lair:5)
  6 hydras
  7 anacondas
  2 centaur warriors (D:13)
  A tengu warrior (D:13)
  2 boulder beetles
  Erica (D:9)
  A hell hog (Volcano)
  5 death yaks (Lair:5)
  4 naga warriors
  13 two-headed ogres
  A deep troll shaman (Lair:5)
  An orc high priest (Orc:1)
  Urug (Orc:1)
  5 shock serpents
  9 naga sharpshooters
  A fire crab (Gauntlet)
  3 skysharks
  Amaemon (D:8)
  9 salamander mystics
  4 skeletal warriors
  4 naga ritualists
  2 deep trolls
  5 mana vipers
  An orc knight (D:13)
  3 lindwurms
  Pikel (D:6)
  A deep elf zephyrmancer (D:13)
  2 deep elf pyromancers (D:13)
  A wolf spider (Gauntlet)
  2 ugly things (D:12)
  Maurice (D:8)
  An orc sorcerer (D:13)
  2 manticores (D:13)
  8 elephants
  14 salamanders
  7 cyclopes
  13 naga magi
  2 guardian serpents (Snake:3)
  30 black mambas
  A gargoyle (D:13)
  An orange demon (D:8)
  8 cane toads
  5 rime drakes
  8 komodo dragons
  2 kobold demonologists (D:7)
  An efreet (D:13)
  Psyche (D:9)
  2 tengu conjurers (D:13)
  13 trolls
  3 polar bears
  A hornet (Lair:3)
  Prince Ribbit (D:8)
  A raiju (Gauntlet)
  A snapping turtle (Lair:3)
  21 blink frogs
  9 dream sheep (Lair:5)
  4 slime creatures (D:13)
  Sigmund (D:2)
  5 wraiths
  A shadow (D:10)
  A water elemental (Lair:3)
  4 spriggans (Bailey)
  A vampire (D:10)
  An unseen horror simulacrum (D:9)
  5 basilisks
  6 fire bats
  2 wyverns
  43 yaks
  Grum (Lair:1)
  A redback (Gauntlet)
  9 steam dragons
  A warg (Orc:1)
  7 vampire mosquitoes
  Menkaure (D:6)
  2 hell hounds (Volcano)
  23 nagas
  11 water moccasins
  An acid dragon (Bailey)
  15 orc warriors
  2 black bears
  5 ice beasts (D:9)
  A sky beast (D:7)
  21 wolves
  30 ogres
  7 centaurs
  A lemure (D:6)
  3 kobold brigands
  2 scorpions (D:5)
  14 bullfrogs
  A gnoll sergeant (D:8)
  3 electric eels
  2 howler monkeys (D:10)
  A bombardier beetle (D:3)
  A wyvern simulacrum (D:9)
  3 hounds
  16 orc priests
  6 jellies
  5 iguanas
  3 sleepcaps
  27 orc wizards
  9 gnolls
  10 adders
  A shadow imp (D:7)
  3 white imps
  5 ufetubi
  5 dart slugs
  A ribbon worm (D:2)
  66 orcs
  13 endoplasms
  2 giant cockroaches (D:3)
  2 goblins
  14 hobgoblins
  5 jackals
  2 quokkas
  14 ball pythons
  4 bats
  3 frilled lizards
  13 kobolds
  8 rats
756 creatures vanquished.

Vanquished Creatures (collateral kills)
  A nagaraja (Snake:4)
  The ghost of mif the Severer, a journeyman MiBe of Trog (Snake:3)
  A two-headed ogre (D:13)
  3 naga warriors (Snake:4)
  2 naga sharpshooters
  A salamander mystic (Snake:3)
  A naga ritualist (Snake:4)
  A manticore (D:13)
  An ugly thing (D:13)
  A salamander (Snake:4)
  A naga mage (Snake:4)
  A freezing wraith (D:13)
  6 nagas (Snake:4)
21 creatures vanquished.

Vanquished Creatures (others)
  The ghost of dvd2 the Stormcaller, a journeyman DsAE of Vehumet (Lair:5)
  A centaur warrior (D:13)
  A cyclops (D:13)
  A white imp (D:9)
4 creatures vanquished.

Grand Total: 781 creatures vanquished

Notes
Turn   | Place    | Note
-------+----------+-------------------------------------------
     0 | D:1      | MewIchigo the Minotaur Monk began the quest for the Orb.
     0 | D:1      | Reached XP level 1. HP: 19/19 MP: 0/0
   179 | D:1      | Reached XP level 2. HP: 27/27 MP: 1/1
   244 | D:1      | Reached skill level 4 in Maces & Flails
   641 | D:1      | Reached XP level 3. HP: 33/33 MP: 2/2
  1255 | D:2      | Noticed Sigmund
  1458 | D:3      | Reached skill level 5 in Maces & Flails
  1458 | D:3      | Reached XP level 4. HP: 27/40 MP: 3/3
  1553 | D:3      | Reached skill level 1 in Armour
  2031 | D:3      | Reached XP level 5. HP: 45/47 MP: 4/4
  2290 | D:2      | Killed Sigmund
  2291 | D:2      | Reached skill level 6 in Maces & Flails
  2291 | D:2      | Reached XP level 6. HP: 52/53 MP: 5/5
  2436 | D:4      | Identified the +2 falchion of Wyisoby {flame, Int+3}
  2788 | D:4      | Reached skill level 7 in Maces & Flails
  3211 | D:4      | Reached XP level 7. HP: 58/60 MP: 6/6
  3441 | D:5      | Entered Level 5 of the Dungeon
  3480 | D:5      | Reached skill level 5 in Fighting
  3487 | D:5      | Reached skill level 1 in Stealth
  3518 | D:5      | Reached skill level 8 in Maces & Flails
  4145 | D:6      | Noticed Pikel
  4153 | D:6      | Killed Pikel
  4154 | D:6      | Reached skill level 9 in Maces & Flails
  4154 | D:6      | Reached skill level 5 in Armour
  4154 | D:6      | Reached XP level 8. HP: 54/70 MP: 7/7
  4423 | D:6      | Found a staircase to the Ecumenical Temple.
  4461 | Temple   | Entered the Ecumenical Temple
  4507 | Temple   | Became a worshipper of the Shining One
  4507 | Temple   | Reached * piety under the Shining One
  4507 | Temple   | Reached ** piety under the Shining One
  4956 | D:6      | Reached skill level 1 in Invocations
  5036 | D:6      | Noticed Menkaure
  5040 | D:6      | Killed Menkaure
  5162 | D:6      | Reached skill level 10 in Maces & Flails
  5443 | D:7      | Reached XP level 9. HP: 77/79 MP: 9/9
  5465 | D:7      | Reached skill level 5 in Dodging
  5710 | D:7      | Found a stormy altar of Qazlal.
  5960 | D:7      | Identified the +1 leather armour of Reason {rPois rF+}
  6147 | D:7      | Noticed a kobold demonologist
  6148 | D:7      | Noticed a kobold demonologist
  6157 | D:7      | Killed a kobold demonologist
  6165 | D:7      | Killed a kobold demonologist
  6166 | D:7      | Reached skill level 11 in Maces & Flails
  6254 | D:8      | Noticed Maurice
  6264 | D:8      | Killed Maurice
  6556 | D:8      | Reached XP level 10. HP: 90/90 MP: 12/12
  6662 | D:8      | Found a flagged portal.
  6671 | Bailey   | Entered a bailey
  6722 | Bailey   | Reached skill level 12 in Maces & Flails
  6868 | Bailey   | Noticed a two-headed ogre
  6879 | Bailey   | Killed a two-headed ogre
  7278 | Bailey   | Reached skill level 10 in Fighting
  7306 | Bailey   | Identified the +2 lajatang "Orb Guardian's Regret"
                  | {antimagic, Dex+3}
  7525 | D:8      | Noticed a two-headed ogre
  7534 | D:8      | Killed a two-headed ogre
  7535 | D:8      | Reached skill level 1 in Shields
  7690 | D:8      | Noticed Prince Ribbit
  7699 | D:8      | Killed Prince Ribbit
  7971 | D:8      | Noticed an orange demon
  7972 | D:8      | Noticed Amaemon
  7979 | D:8      | Killed an orange demon
  7992 | D:8      | Killed Amaemon
  7993 | D:8      | Reached skill level 13 in Maces & Flails
  7993 | D:8      | Reached skill level 1 in Evocations
  8226 | D:9      | Reached skill level 1 in Throwing
  8226 | D:9      | Reached XP level 11. HP: 101/101 MP: 13/13
  8226 | D:9      | Noticed a two-headed ogre
  8233 | D:9      | Killed a two-headed ogre
  8234 | D:9      | Reached skill level 5 in Invocations
  8236 | D:9      | Noticed Erica
  8246 | D:9      | Killed Erica
  8405 | D:9      | Reached *** piety under the Shining One
  8419 | D:9      | Reached skill level 5 in Shields
  8437 | D:9      | Found a staircase to the Lair.
  9660 | D:9      | Noticed Psyche
  9671 | D:9      | Killed Psyche
  9759 | D:10     | Entered Level 10 of the Dungeon
  9782 | Lair:1   | Entered Level 1 of the Lair of Beasts
  9782 | Lair:1   | Noticed Grum
 10086 | Lair:1   | Killed Grum
 10482 | Lair:1   | Reached skill level 14 in Maces & Flails
 11308 | Lair:2   | Found an ornate altar of the Wu Jian Council.
 11309 | Lair:2   | Noticed a boulder beetle
 11310 | Lair:2   | Found a hide-covered altar of Uskayaw.
 11313 | Lair:2   | Upgraded the game from 0.31.0-12-g77e489cdc1 to
                  | 0.31.0-32-g396128a36d
 11335 | Lair:2   | Killed a boulder beetle
 11418 | Lair:2   | Reached XP level 12. HP: 106/110 MP: 15/15
 12564 | Lair:3   | Found a staircase to the Snake Pit.
 12818 | Lair:3   | Reached **** piety under the Shining One
 13323 | D:10     | Noticed a two-headed ogre
 13336 | D:10     | Killed a two-headed ogre
 13453 | D:10     | Noticed Hawk2023's ghost (novice TrSh)
 13495 | D:10     | Noticed a two-headed ogre
 13511 | D:10     | Found a transporter.
 13541 | D:10     | Found a transporter.
 13541 | D:10     | Noticed a five-headed hydra
 13934 | D:11     | Reached skill level 15 in Maces & Flails
 14176 | D:11     | Found Xajas's Assorted Antiques.
 14183 | D:11     | Bought 2 scrolls of teleportation for 150 gold pieces
 14735 | Lair:3   | Reached XP level 13. HP: 118/122 MP: 14/16
 14801 | Lair:3   | Found a staircase to the Shoals.
 14813 | Lair:3   | Reached skill level 10 in Armour
 14823 | Lair:3   | Reached skill level 10 in Shields
 16743 | Lair:5   | Entered Level 5 of the Lair of Beasts
 16806 | Lair:5   | Reached ***** piety under the Shining One
 16832 | Lair:5   | Found a large runed translucent door.
 16832 | Lair:5   | Found a large runed translucent door.
 16833 | Lair:5   | Noticed dvd2's ghost (journeyman DsAE)
 17192 | Lair:5   | Found a dark tunnel.
 17197 | Volcano  | Entered a volcano
 17512 | Volcano  | Reached skill level 16 in Maces & Flails
 17779 | Lair:5   | Found a staircase to the Slime Pits.
 17779 | Lair:5   | Found a viscous altar of Jiyva.
 18249 | Lair:5   | Killed dvd2's ghost
 18250 | Lair:5   | Reached XP level 14. HP: 74/133 MP: 6/17
 18959 | Lair:5   | Got Yxkorit's Discourse on the Catalyst
 18968 | Lair:5   | Identified the ring "Sageb" {rPois rC+ Int+5 Slay+2}
 19225 | D:10     | Killed Hawk2023's ghost
 19731 | Snake:1  | Entered Level 1 of the Snake Pit
 19883 | D:10     | Reached skill level 15 in Fighting
 20439 | D:12     | Identified the +1 trident "Esiereat" {heavy, rPois Str+4
                  | Dex+3}
 20458 | D:12     | Found a staircase to the Orcish Mines.
 20964 | D:11     | Bought a scroll of identify for 50 gold pieces
 20964 | D:11     | Bought a scroll of identify for 50 gold pieces
 20964 | D:11     | Bought the +3 pair of gauntlets of War {Slay+5} for 1187
                  | gold pieces
 20964 | D:11     | Found the +3 pair of gauntlets of War {Slay+5}
 21833 | D:13     | Noticed Jorgrun
 22032 | D:13     | Found a gate to the Vaults.
 22086 | D:13     | Noticed Rupert
 22106 | D:13     | Killed Rupert
 22167 | D:13     | Reached XP level 15. HP: 108/143 MP: 16/19
 22265 | D:13     | Found Pajapud's Assorted Antiques.
 22277 | D:13     | Found a gate leading to a gauntlet.
 22286 | Gauntlet | Entered a Gauntlet
 22286 | Gauntlet | Found a transporter.
 22388 | Gauntlet | Found a transporter.
 22390 | Gauntlet | Found a transporter.
 22392 | Gauntlet | Found a transporter.
 22403 | Gauntlet | Found a transporter.
 22418 | Gauntlet | Found a transporter.
 22425 | Gauntlet | Found a transporter.
 22456 | Gauntlet | Found a transporter.
 22475 | Gauntlet | Found a transporter.
 22487 | Gauntlet | Found a transporter.
 22495 | Gauntlet | Found a large runed translucent door.
 22496 | Gauntlet | Found a large runed translucent door.
 22497 | Gauntlet | Found a large runed translucent door.
 22497 | Gauntlet | Found a large runed translucent door.
 22498 | Gauntlet | Found a runed translucent gate.
 22499 | Gauntlet | Found a transporter.
 22499 | Gauntlet | Found a runed translucent gate.
 22500 | Gauntlet | Found a runed translucent gate.
 22501 | Gauntlet | Found a large runed translucent door.
 22501 | Gauntlet | Found a large runed translucent door.
 22502 | Gauntlet | Found a large runed translucent door.
 22503 | Gauntlet | Found a large runed translucent door.
 22511 | Gauntlet | Found a transporter.
 22523 | Gauntlet | Found a transporter.
 22541 | Gauntlet | Found a transporter.
 22558 | Gauntlet | Found a transporter.
 22560 | Gauntlet | Found a transporter.
 22597 | Gauntlet | Found a transporter.
 22644 | Gauntlet | Found a transporter.
 22644 | Gauntlet | Found a large runed translucent door.
 22645 | Gauntlet | Found a large runed translucent door.
 22646 | Gauntlet | Found a large runed translucent door.
 22646 | Gauntlet | Found a large runed translucent door.
 22702 | Gauntlet | Found a large runed translucent door.
 22702 | Gauntlet | Found a large runed translucent door.
 22702 | Gauntlet | Found a runed translucent door.
 22702 | Gauntlet | Found a runed translucent door.
 22704 | Gauntlet | Found a large runed translucent door.
 22705 | Gauntlet | Found a large runed translucent door.
 22861 | Gauntlet | Identified the ring "Xergholyq" {Ice Str+3 Dex+3}
 22909 | Gauntlet | Identified the +6 broad axe of Calamity {protect, rElec
                  | Dex+4}
 22911 | Gauntlet | Identified the +3 halberd "Unokkapp" {flame, Str+3 Int+2
                  | SInv}
 23382 | D:13     | Killed Jorgrun
 23645 | D:13     | Reached skill level 17 in Maces & Flails
 23688 | Orc:1    | Entered Level 1 of the Orcish Mines
 23707 | Orc:1    | Noticed Josephine
 23717 | Orc:1    | Killed Josephine
 23814 | Orc:2    | Entered Level 2 of the Orcish Mines
 23851 | Orc:2    | Reached ****** piety under the Shining One
 24147 | Orc:1    | Noticed Urug
 24156 | Orc:1    | Killed Urug
 24217 | Orc:1    | You fall into a shaft and drop 1 floor!
 24217 | Orc:2    | Found a staircase to the Elven Halls.
 24454 | Orc:2    | Found Teutioji's Armour Shop.
 24469 | Orc:2    | Found Ubaomaim's Magic Scroll Boutique.
 24472 | Orc:2    | Found Ganulaly's Magic Scroll Emporium.
 24480 | Orc:2    | Found Dops's General Store.
 24550 | Orc:2    | Reached skill level 15 in Shields
 24607 | Orc:2    | Bought a scroll of fear for 48 gold pieces
 24607 | Orc:2    | Bought a scroll of identify for 24 gold pieces
 25109 | Orc:2    | Identified a +2 sacred scourge of holy wrath (a +0 demon
                  | whip of venom blessed by the Shining One)
 25109 | Orc:2    | Received a gift from the Shining One
 25132 | Orc:2    | Bought the +1 pair of boots of Zin's Indignation {Harm
                  | +Blink rElec Stlth+} for 466 gold pieces
 26025 | Snake:2  | Found Soallaut's Assorted Antiques.
 26116 | Snake:2  | Reached skill level 18 in Maces & Flails
 26116 | Snake:2  | Reached XP level 16. HP: 149/154 MP: 20/20
 27147 | Snake:4  | Entered Level 4 of the Snake Pit
 27147 | Snake:4  | Found a white marble altar of Elyvilon.
 27195 | Snake:3  | Identified the dragon-blood talisman of Intuition {rN+}
 27196 | Snake:3  | Found a runed translucent gate.
 27197 | Snake:3  | Found a runed translucent gate.
 27197 | Snake:3  | Found a runed translucent gate.
 27197 | Snake:3  | Noticed mif's ghost (journeyman MiBe)
 27227 | Snake:3  | Noticed Asterion
 27237 | Snake:3  | Killed Asterion
 27640 | Snake:3  | Identified the serpent talisman of the Hidden Ultimatums
                  | {Int+5}
 27640 | Snake:3  | Noticed Aizul
 27650 | Snake:3  | Killed Aizul
 28408 | Snake:3  | Killed mif's ghost
 28651 | Snake:3  | Identified the amulet of Jamul {Reflect rF+ rCorr Str-5
                  | Int+3 SH+5}
 28683 | Snake:4  | Noticed mihai's ghost (adept DECj)
 28685 | Snake:4  | Found a runed translucent door.
 29042 | Snake:4  | Reached skill level 5 in Evocations
 29190 | Snake:4  | Paralysed by a naga sharpshooter for 2 turns
 29328 | Snake:4  | Demolished by a nagaraja

Illustrated notes

Levels and vault maps discovered:
D:1:      dpeg_arrival_another_circle, layout_basic, serial_corexii_hall,
          corexii_hall_statues_x, corexii_hall_statues_i, corexii_hall_statues_i
D:2:      layout_rooms, uniq_sigmund
D:3:      minmay_chambers_of_threes, layout_basic,
          chequers_serial_rivers_small_b
D:4:      layout_loops_corners, minmay_snake_closets
D:5:      layout_basic
D:6:      layout_loops_corners, minmay_temple_entry_arrows, uniq_menkaure,
          uniq_pikel
D:7:      layout_basic, mainiacjoe_overflow_24_doors
D:8:      layout_gridville, enter_bailey_6, uniq_maurice, uniq_amaemon,
          uniq_prince_ribbit1
D:9:      layout_long_grid, hellmonk_lair_entry_icy, serial_ice, serial_ice_i,
          serial_ice_e, serial_ice_m, serial_ice_b, serial_ice_d, serial_ice_n,
          st_stairs_12, uniq_psyche, uniq_erica
D:10:     layout_gridville, nzn_ghost_randoct
D:11:     layout_loops_ring, serial_shops, shop
D:12:     layout_basic, minmay_orc_entry_temple_small
D:13:     nzn_winding_woodlands_large [nzn_winding_woodlands_5x5_three,
          nzn_winding_woodlands_5x15_pathside_ponds,
          nzn_winding_woodlands_5x5_perimeter,
          nzn_winding_woodlands_center_diamonds,
          nzn_winding_woodlands_15x15_five_gardens,
          nzn_winding_woodlands_center_triple_pond,
          nzn_winding_woodlands_hourglass,
          nzn_winding_woodlands_5x15_lazy_stream,
          nzn_winding_woodlands_5x5_open_star], layout_irregular_city,
          gauntlet_entry_generic, serial_shops, shop, uniq_jorgrun, uniq_rupert
Temple:   regret_index_temple_sigil_plot
Lair:1:   layout_regular_city, uniq_grum
Lair:2:   layout_gridlike, nzn_masters_of_martial_movement
Lair:3:   layout_concentric_octagons, minmay_shoals_entry_hut,
          guppyfry_snake_entry_garden
Lair:4:   layout_regular_city
Lair:5:   grunt_lair_end_beastmaster, layout_cave_pods,
          nicolae_slime_entry_slimehenge, ebering_ghost_disaster_area,
          nicolae_volcano_entry_s_turn
Snake:1:  cheibrodos_snake_lava_hold, layout_cave_shapes
Snake:2:  layout_misc_corridors, serial_shops, shop, grunt_megastairs_5
Snake:3:  layout_onion_interference, gammafunk_ghost_split, serial_bayou_pond_d,
          uniq_asterion, uniq_aizul
Snake:4:  snake_pit, layout_basic, basic_altar, hellmonk_ghost_happy_afterlife,
          st_stairs_6, grunt_ministairs_11, lemuel_fruit_tree,
          serial_bayou_shore_b
Orc:1:    layout_caves, uniq_josephine, uniq_urug
Orc:2:    st_orc_open, layout_caves, basic_altar

Skill      XL: |  1  2  3  4  5  6  7  8  9 10 11 12 13 14 15 16 |
---------------+-------------------------------------------------+-----
Maces & Flails | 4 5 6 7 9 10 11 13 14 15 16 18 | 18.6
Fighting       | 4 6 7 8 10 11 13 14 15 16 17 | 17.9
Armour         | 1 2 3 5 6 7 8 9 11 12 13 14 | 14.3
Dodging        | 4 5 6 8 |  8.7
Stealth        | 1 2 |  2.7
Invocations    | 2 4 5 6 7 8 |  8.0
Shields        | 2 7 9 12 13 15 17 | 17.2
Evocations     | 1 3 4 5 |  5.7
Throwing       | 1 |  1.4

Action                     |  1- 3 |  4- 6 |  7- 9 | 10-12 | 13-15 | 16-18 || total
---------------------------+-------+-------+-------+-------+-------+-------++-------
  Melee: Mace              |    73 |     4 |       |    19 |    90 |       ||   186
         Headbutt          |    11 |    16 |    43 |   190 |   357 |    79 ||   696
         Flail             |       |    98 |   196 |   595 |   989 |       ||  1878
         Sacred scourge    |       |       |       |       |    91 |   250 ||   341
  Throw: Dart              |       |       |       |     4 |     1 |     1 ||     6
 Invoke: Divine Shield     |       |       |       |     9 |     5 |     4 ||    18
         Cleansing Flame   |       |       |       |     2 |       |       ||     2
         Summon Divine War |       |       |       |       |     2 |     5 ||     7
         Brand Weapon With |       |       |       |       |     1 |       ||     1
Ability: Evoke Blink       |       |       |       |       |       |     2 ||     2
  Evoke: Wand              |       |       |       |     7 |     4 |    18 ||    29
         Tin of tremorston |       |       |       |       |       |     2 ||     2
    Use: Scroll            |       |     2 |       |     5 |    20 |     7 ||    34
         Potion            |       |       |       |     6 |       |    13 ||    19
 Armour: Ring mail         |    34 |    61 |   108 |   335 |     1 |       ||   539
         Plate armour      |       |       |       |    46 |   642 |   155 ||   843
         Leather armour    |       |       |       |     6 |    14 |       ||    20
  Dodge: Dodged            |    38 |    56 |   127 |   257 |   302 |    57 ||   837
  Block: Kite shield       |       |       |       |   360 |   703 |   293 ||  1356
         Reflection        |       |       |       |       |    19 |    65 ||    84
